 Dungeon Crawl Stone Soup version 0.29-a0-330-g52719c12eb (webtiles) character file.

Game seed: 9638205408077425777

504 Crownlay the Magician (level 7, -6/47 HPs)
             Began as an Octopode Transmuter on May 1, 2022.
             Mangled by Menkaure (21 damage)
             ... on level 5 of the Dungeon.
             The game lasted 00:06:48 (5140 turns).

Crownlay the Magician (Octopode Transmuter)         Turns: 5140, Time: 00:06:49

Health: -6/47      AC:  1    Str: 15    XL:     7   Next: 17%
Magic:  13/13      EV: 13    Int: 18    God:
Gold:   101        SH:  0    Dex: 12    Spells: 10/14 levels left

rFire   . . .      SeeInvis .   p - +8 spear of Anokk {freeze, rN+}
rCold   . . .      Faith    .   (no shield)
rNeg    + . .      Spirit   .   (helmet currently unavailable)
rPois   .          Reflect  .   (no amulet)
rElec   .          Harm     .   m - +6 ring of strength
rCorr   .          Rampage  .   (no ring)
Will    .....                   (no ring)
Stlth   ++........              (no ring)
HPRegen 0.15/turn               (no ring)
MPRegen 0.13/turn               (no ring)
                                (no ring)
                                (no ring)

@: appendages
A: tentacle spike 3, almost no armour, amphibious, 8 rings, camouflage 1,
gelatinous body 1, (nimble swimmer 1), tentacles
a: End Transformation


You were on level 5 of the Dungeon.
One of your tentacles had grown a beastly spike.
You visited 1 branch of the dungeon, and saw 5 of its levels.

You collected 231 gold pieces.
You spent 130 gold pieces at shops.

Inventory:

Hand Weapons
 p - the +8 spear of Anokk (weapon) {freeze, rN+}
   (You found it on level 4 of the Dungeon)

   It freezes those it strikes, dealing additional cold damage.
   It can also slow down cold-blooded creatures.
   rN:        It protects you from negative energy.
Armour
 j - a +0 tower shield
Jewellery
 m - a +6 ring of strength (left tentacle)
 n - an amulet of faith
Wands
 q - a wand of digging (5)
Scrolls
 b - a scroll of summoning
 e - 3 scrolls of fog
 i - a scroll of immolation
 k - a scroll of enchant armour
 o - a scroll of fear {unknown}
Potions
 a - 3 potions of lignification
 c - a potion of berserk rage {unknown}
 d - 3 potions of curing
 f - a potion of magic {unknown}
 g - a potion of cancellation {unknown}
 h - a potion of flight {unknown}
 l - a potion of mutation {unknown}
 r - a potion of attraction
 s - a potion of brilliance
 t - 2 potions of haste {unknown}


   Skills:
 * Level 3.8 Fighting
 * Level 3.0 Polearms
 - Level 2.0 Dodging
 - Level 3.4 Unarmed Combat
 * Level 4.3 Spellcasting
 + Level 3.0 Transmutations


You had 10 spell levels left.
You knew the following spells:

 Your Spells              Type           Power      Damage    Failure   Level
a - Beastly Appendage     Tmut           28%        N/A       4%          1
b - Spider Form           Tmut/Pois      9%         N/A       22%         3

Your spell library contained the following spells:

 Spells                   Type           Power      Damage    Failure   Level
 Wereblood                Tmut           14%        N/A       6%          2
 Animate Skeleton         Necr           6%         N/A       14%         1
 Pain                     Necr           12%        1d4       14%         1
 Ignite Poison            Fire/Tmut/Pois 7%         N/A       28%         3
 Mephitic Cloud           Conj/Pois/Air  3%         N/A       38%         3
 Vampiric Draining        Necr           3%         2d6       38%         3
 Ice Form                 Ice/Tmut       9%         N/A       58%         4
 Freezing Cloud           Conj/Ice/Air   1%         6-21      98%         5


Dungeon Overview and Level Annotations

Branches:
Dungeon (5/15)
 Temple: D:4-7

Altars:

Shops:
D:2 (   D:4 !

Annotations:
D:5 Menkaure


Innate Abilities, Weirdness & Mutations

One of your tentacles has grown a beastly spike.
You cannot wear most types of armour.
You are amphibious.
You can wear up to eight rings at the same time.
Your skin changes colour to match your surroundings (Stealth+).
Your rubbery body absorbs attacks. (AC +1, EV +1)
((You are camouflaged when in or above water. (Stealth+)))
You have tentacles for arms and can constrict up to eight enemies at once.


Message History

Blork the orc hits you from afar with a +0 glaive.
Menkaure, Prince of Dust comes into view.
You see here a ring of ice.
You reach to attack!
Menkaure shouts!
You hit Blork the orc. You freeze Blork the orc.
Blork the orc is moderately wounded.
Blork the orc misses you.
You reach to attack!
You puncture Blork the orc! You freeze Blork the orc.
Blork the orc is severely wounded.
Blork the orc hits you from afar with a +0 glaive!
Menkaure mumbles some strange words.
Menkaure seems to speed up.
You reach to attack!
You puncture Blork the orc! You freeze Blork the orc.
Blork the orc is almost dead.
Blork the orc hits you from afar with a +0 glaive!
You are too injured to fight recklessly!
You are too injured to fight recklessly!
You are too injured to fight recklessly!
You are too injured to fight recklessly!
Reach: p) +8 spear of Anokk {freeze, rN+}
Press: ? - help, Dir - move target, f/p - Blork the orc
Aim: Blork the orc, wielding a +0 glaive and wearing a +1 robe of positive energy (almost dead, about 27% to evade the +8 spear of Anokk)
You reach to attack!
You hit Blork the orc but do no damage.
Blork the orc is almost dead.
Blork the orc closely misses you.
Reach: p) +8 spear of Anokk {freeze, rN+}
Press: ? - help, Dir - move target, f/p - Blork the orc
Aim: Blork the orc, wielding a +0 glaive and wearing a +1 robe of positive energy (almost dead, about 27% to evade the +8 spear of Anokk)
You reach to attack!
You puncture Blork the orc! You freeze Blork the orc.
You kill Blork the orc!
Your Polearms skill increases to level 3!
Your Transmutations skill increases to level 3!
Reach: p) +8 spear of Anokk {freeze, rN+}
Press: ? - help, Dir - move target, f - you
Okay, then.
Okay, then.
Okay, then.
Menkaure hits you!!
You die...

#.).........
#...[........
#.#.<$..##... ####.##
..# #.. .# #.# #.# #
#.# #<# #.# #.# #M# #
#.# #@# .##. #.# #=#
....# #.# #.#
.#...###.## #.# ##.
..........### #.# ....
..>##.#.#...# #.##..#
.####.#.###.####....###
#....................#
...###..#.#...#####.#.#


You could see Menkaure (fast).

Vanquished Creatures
  An ogre (D:4)
  A phantom (D:5)
  Blork the orc (D:5)
  A necrophage (D:4)
  A scorpion (D:4)
  A jelly (D:5)
  An orc priest (D:4)
  An orc wizard (D:5)
  An adder (D:4)
  A worm (D:4)
  4 dart slugs
  3 orcs
  12 ball pythons
  4 endoplasms
  A giant cockroach (D:1)
  6 goblins
  6 hobgoblins
  A quokka (D:2)
  6 bats
  3 frilled lizards
  2 kobolds
  5 rats
63 creatures vanquished.

Notes
Turn   | Place    | Note
-------+----------+-------------------------------------------
     0 | D:1      | Crownlay the Octopode Transmuter began the quest for the
                  | Orb.
     0 | D:1      | Reached XP level 1. HP: 13/13 MP: 3/3
   113 | D:1      | Reached XP level 2. HP: 11/18 MP: 1/5
   225 | D:1      | Found a faded altar of an unknown god.
   634 | D:1      | Reached XP level 3. HP: 23/23 MP: 4/6
  1525 | D:2      | Learned a level 3 spell: Spider Form
  1575 | D:2      | Found Heviah's Weapon Shoppe.
  2055 | D:2      | Reached skill level 3 in Spellcasting
  3370 | D:4      | Identified the +8 spear of Anokk {freeze, rN+}
  3499 | D:4      | Reached XP level 4. HP: 28/29 MP: 8/8
  3542 | D:4      | Noticed a scorpion
  3549 | D:4      | Killed a scorpion
  3550 | D:4      | Reached skill level 1 in Polearms
  3550 | D:4      | Reached XP level 5. HP: 26/35 MP: 8/10
  3748 | D:4      | Noticed an ogre
  3754 | D:4      | Killed an ogre
  3755 | D:4      | Reached XP level 6. HP: 42/42 MP: 11/11
  3845 | D:4      | Found Boupa's Distillery.
  3850 | D:4      | Bought a potion of attraction for 39 gold pieces
  3850 | D:4      | Bought a potion of curing for 39 gold pieces
  3850 | D:4      | Bought a potion of brilliance for 52 gold pieces
  4448 | D:5      | Entered Level 5 of the Dungeon
  4459 | D:4      | Reached skill level 4 in Spellcasting
  4970 | D:5      | Reached XP level 7. HP: 23/46 MP: 13/13
  5131 | D:5      | Noticed Blork the orc
  5134 | D:5      | Noticed Menkaure
  5139 | D:5      | Killed Blork the orc
  5140 | D:5      | Mangled by Menkaure

Illustrated notes

Levels and vault maps discovered:
D:1:      dpeg_arrival_three_bigger_balls, layout_basic,
          nicolae_ecumenical_snake_handling, minmay_strange_pillars,
          item_on_display_a
D:2:      layout_basic, serial_shops, nicolae_shop_bloodbath_and_beyond,
          chequers_serial_rivers_small_b, roderic_roman_lattice
D:3:      layout_basic, minmay_misc_feat_roman
D:4:      layout_basic, serial_shops, nicolae_shop_hallway_stairs,
          minmay_misc_feat_secret_circle, sigmund_army
D:5:      layout_rooms, temple_green, uniq_blork_the_orc, uniq_menkaure,
          uniq_edmund

Skill      XL: |  1  2  3  4  5  6  7 |
---------------+----------------------+-----
Spellcasting   | 3 4 |  4.3
Fighting       | 2 3 |  3.8
Polearms       | 1 2 3 |  3.0
Transmutations | 3 |  3.0
Dodging        | |  2.0
Unarmed Combat | |  3.4

Action                   |  1- 3 |  4- 6 |  7- 9 || total
-------------------------+-------+-------+-------++-------
Melee: Unarmed           |    71 |       |       ||    71
       Constrict         |    24 |     5 |       ||    29
       Kick              |    26 |       |       ||    26
       Tentacles         |    15 |     8 |       ||    23
       Spear             |     4 |    47 |     5 ||    56
       Punch             |     2 |       |       ||     2
 Cast: Beastly Appendage |    31 |     1 |     1 ||    33
  Use: Scroll            |     2 |     3 |       ||     5
 Stab: Sleeping          |     5 |     2 |       ||     7
Armor: Skin              |     7 |     1 |       ||     8
Dodge: Dodged            |    60 |    18 |     2 ||    80

Table legend: (Time is in decaauts)
 A = Elapsed time spent in this place.
 B = Non-inter-level travel time spent in this place.
 C = Inter-level travel time spent in this place.
 D = Time resting spent in this place.
 E = Time spent auto-exploring this place.
 F = Levels seen in this place.
 G = Mean time per level.
                   A        B        C        D        E       F      G
               +--------+--------+--------+--------+--------+-----+--------+
         Total |   5136 |   4940 |    196 |      0 |   4481 |   5 | 1027.2 |
       Dungeon |   5136 |   4940 |    196 |      0 |   4481 |   5 | 1027.2 |
               +--------+--------+--------+--------+--------+-----+--------+

Top non-repeatable levels by time:
     D:1: 1388 daAuts
     D:4: 1351 daAuts
     D:2: 989 daAuts
     D:3: 942 daAuts
     D:5: 465 daAuts
